 Dungeon Crawl Stone Soup version 0.17.2 (webtiles) character file.

1853 ololoev the Cleaver (level 8, -10/58 HPs)
             Began as a Demonspawn Berserker on June 9, 2016.
             Was a Believer of Trog.
             Mangled by a hill giant
             ... wielding a +0 giant spiked club
              (15 damage)
             ... on level 10 of the Dungeon.
             The game lasted 00:11:01 (1923 turns).

ololoev the Cleaver (Demonspawn Berserker)          Turns: 1923, Time: 00:11:01

Health: -10/58     AC: 18    Str: 19    XL:     8   Next: 89%
Magic:  8/8        EV:  6    Int:  9    God:    Trog [**....]
Gold:   135        SH:  0    Dex: 13    Spells: 0 memorised, 7 levels left

rFire  . . .     SeeInvis .     a - +0 battleaxe
rCold  . . .     Clarity  .     r - +0 plate armour
rNeg   . . .     SustAt   .     (shield currently unavailable)
rPois  .         Gourm    .     (no helmet)
rElec  .         Spirit   .     b - +0 cloak
rCorr  .         Warding  .     v - +0 pair of gloves
rMut   .         Stasis   .     (no boots)
MR     ++...                    (no amulet)
Stlth  ..........               (no ring)
                                (no ring)

@: lethally poisoned (-10 -> -11), exhausted, marked, regenerating, slowed, very
slow, very resistant to hostile enchantments, extremely unstealthy
A: thin metallic scales 2, powered by pain 3, evolution 1, subdued magic 2
a: Berserk, Trog's Hand, Burn Spellbooks, Renounce Religion


Innate Abilities, Weirdness & Mutations

You are mostly covered in thin metallic scales (AC +3).
You are powered by pain.
You evolve.
Your spells are easier to cast, but less powerful.

Inventory:

Hand Weapons
 a - a +0 battleaxe (weapon)
Armour
 b - a +0 cloak (worn)
 r - a +0 plate armour (worn)
 v - a +0 pair of gloves (worn)
Wands
 u - a wand of lightning (8)
Scrolls
 e - 5 scrolls of remove curse {unknown}
 f - 2 scrolls of identify {unknown}
 g - a scroll of fog {unknown}
 i - a scroll of enchant weapon {unknown}
 j - a scroll of random uselessness {unknown}
 k - a scroll of amnesia {unknown}
 l - a scroll of noise {unknown}
 n - a scroll of teleportation {unknown}
 x - a scroll of immolation {unknown}
Potions
 d - 3 potions of curing
 h - 2 potions of flight {unknown}
 m - a potion of haste {unknown}
 o - a potion of brilliance {unknown}
 p - 2 potions of degeneration {unknown}
 s - 2 potions of heal wounds {unknown}
Comestibles
 c - a bread ration
 q - 3 fruits
 t - 2 meat rations
 w - 6 chunks of flesh


   Skills:
 - Level 3.0 Fighting
 * Level 9.1 Axes
 + Level 6.2 Armour
 - Level 1.7 Dodging


You had 7 spell levels left.
You didn't know any spells.


You were on level 10 of the Dungeon.
You worshipped Trog.
Trog was pleased with you.
You were near starving.

You visited 1 branch of the dungeon, and saw 10 of its levels.
You also visited: Sewer.

You collected 135 gold pieces.

#.# #......####
#### #.. #.<....#
#...
####.##......####
................
............####
######.##.∩.#.#
.:.....o....#...
#####)o##.######
#...aY@.......
.Zo####Cy#.#### .
##y#+#


yy yy. .... #!..# ...#

Notes
Turn   | Place    | Note
--------------------------------------------------------------
     0 | D:1      | ololoev the Demonspawn Berserker began the quest for the Orb.
     0 | D:1      | Reached XP level 1. HP: 18/18 MP: 1/1
   145 | D:3      | Gained mutation: You are partially covered in thin metallic scales (AC +2). [demonic ancestry]
   145 | D:3      | Reached XP level 2. HP: 24/24 MP: 2/2
   242 | D:3      | Found a snail-covered altar of Cheibriados.
   312 | D:3      | Noticed an orc warrior
   312 | D:3      | Gained mutation: You sometimes gain a little power by taking damage. [demonic ancestry]
   312 | D:3      | Reached XP level 3. HP: 29/29 MP: 3/3
   320 | D:3      | Reached ** piety under Trog
   325 | D:3      | Killed an orc warrior
   325 | D:3      | Reached skill level 4 in Axes
   325 | D:3      | Reached XP level 4. HP: 3/35 MP: 4/4
   325 | D:3      | Gained mutation: You are mostly covered in thin metallic scales (AC +3). [demonic ancestry]
   325 | D:3      | Reached XP level 5. HP: 3/41 MP: 5/5
   368 | D:3      | Noticed ololoev's ghost (weakling DsBe)
   375 | D:3      | Killed ololoev's ghost
   381 | D:3      | Noticed Jessica
   390 | D:3      | Killed Jessica
   390 | D:3      | Reached skill level 5 in Axes
   455 | D:3      | Noticed Terence
   487 | D:3      | Killed Terence
   561 | D:3      | Found a glowing drain.
   566 | Sewer    | Entered a sewer
   665 | Sewer    | Gained mutation: You sometimes gain power by taking damage. [demonic ancestry]
   665 | Sewer    | Reached XP level 6. HP: 44/47 MP: 6/6
   683 | Sewer    | Found a white marble altar of Elyvilon.
   858 | D:4      | Found a radiant altar of Vehumet.
   889 | D:5      | Entered Level 5 of the Dungeon
   889 | D:5      | Found a burning altar of Makhleb.
  1039 | D:7      | Reached skill level 6 in Axes
  1128 | D:8      | Gained mutation: You are powered by pain. [demonic ancestry]
  1128 | D:8      | Reached XP level 7. HP: 35/52 MP: 7/7
  1294 | D:8      | You fall through a shaft!
  1337 | D:9      | Reached skill level 7 in Axes
  1358 | D:10     | Entered Level 10 of the Dungeon
  1369 | D:10     | Gained mutation: Your spells are a little easier to cast, but a little less powerful. [mutagenic meat]
  1370 | D:10     | Gained mutation: You evolve. [mutagenic meat]
  1372 | D:10     | Gained mutation: Your spells are easier to cast, but less powerful. [mutagenic meat]
  1441 | D:9      | Reached skill level 5 in Armour
  1525 | D:9      | Found an opulent altar of Gozag.
  1535 | D:9      | Reached XP level 8. HP: 52/58 MP: 8/8
  1548 | D:9      | Reached skill level 8 in Axes
  1673 | D:8      | Found a glowing golden altar of the Shining One.
  1678 | D:8      | Found a basalt altar of Yredelemnul.
  1894 | D:10     | Found Huun's Gadget Shop.
  1899 | D:10     | Reached skill level 9 in Axes
  1910 | D:10     | Noticed a hill giant
  1923 | D:10     | Mangled by a hill giant

Dungeon Overview and Level Annotations

Branches:
Dungeon (10/15)
 Temple: D:4-7         Lair: D:8-11         Orc: D:9-12

Altars:
Cheibriados
Gozag
Makhleb
Vehumet
Yredelemnul
The Shining One

Shops:
D:10 }


Message History

You slash the ice beast!
The ice beast is heavily wounded.
You feel sick.
The killer bee stings you but does no damage.
The ice beast hits you but does no damage.
The orc warrior hits you from afar with a halberd.
The hill giant hits you with a giant spiked club!!
Unknown command.
Unknown command.
You slice the orc wizard!!
You kill the orc wizard!
Trog accepts your kill.
Trog appreciates your killing of a magic user.
Your plate armour prevents you from hitting the killer bee.
The killer bee is moderately wounded.
You hit the hill giant.
The hill giant is heavily wounded.
Your plate armour prevents you from hitting the ice beast.
The ice beast is heavily wounded.
You are no longer berserk.
You are exhausted.
You feel yourself slow down.
You are near starving!
You feel sick. The killer bee barely misses you.
The killer bee stings you but does no damage.
The ice beast hits you but does no damage.
Unknown command.
You miss the killer bee.
The killer bee is moderately wounded.
You barely miss the orc priest.
Your plate armour prevents you from hitting the ice beast.
The ice beast is heavily wounded.
You hit the hill giant.
The hill giant is severely wounded.
You feel the effects of Trog's Hand fading.
You feel sick. The killer bee stings you.
The killer bee stings you but does no damage.
The orc warrior hits you from afar with a halberd!
The hill giant hits you with a giant spiked club!
You die...

You could see a hill giant, an orc warrior, an ice beast, a wasp, a worker ant, 5 killer bees, an orc priest, an orc wizard and a hobgoblin zombie.

Vanquished Creatures
  2 orc warriors
  A black bear (D:9)
  A phantom (D:7)
  An eye of draining (D:9)
  A sky beast (D:10)
  2 giant frogs
  2 centaurs
  2 big kobolds
  2 scorpions
  5 killer bees (D:9)
  The ghost of ololoev the Chopper, a weakling DsBe of Trog (D:3)
  A wasp zombie (D:8)
  4 orc wizards
  2 orc priests
  2 jellies
  Jessica (D:3)
  An iguana (D:8)
  Terence (D:3)
  A worker ant (D:7)
  A hound zombie (D:9)
  A river rat (Sewer)
  3 adders
  A shadow imp (D:8)
  An ooze (D:4)
  2 adder skeletons (D:8)
  A giant gecko (D:1)
  22 orcs
  A bat (D:3)
  A giant cockroach (D:2)
  2 hobgoblins (D:3)
  2 jackals (Sewer)
  2 giant newts
  A goblin (D:3)
  13 kobolds
  3 rats
90 creatures vanquished.

Action                   |  1- 3 |  4- 6 |  7- 9 || total
-------------------------+-------+-------+-------++-------
Melee: Hand axe          |    69 |   186 |   189 ||   444
       Battleaxe         |       |       |    25 ||    25
Invok: Berserk           |     2 |     1 |     4 ||     7
       Trog's Hand       |       |     4 |     9 ||    13
Evoke: Wand              |     2 |       |       ||     2
  Use: Potion            |       |       |     1 ||     1
 Stab: Sleeping          |     1 |       |       ||     1
  Eat: Chunk             |       |     5 |     9 ||    14
       Fruit             |       |       |     2 ||     2

Vault maps used:
D:1:      dpeg_arrival_boxes_within_box
D:2:      uniq_iyjb
D:3:      lightli_sewer_entry_pipes, cheibriados_altar_wand_db, uniq_jessica,
          uniq_terence
D:4:      kennysheep_mini, kennysheep_minor_cross
D:5:      nicolae_overflow_hidden_temple, minmay_temple_entry_crystal_x,
          first_bread, bloody_trog
D:7:      lemuel_doored_altar, grunt_livestock
D:8:      grunt_temple_overflow_holy_war, old_standard_altar, st_stairs_8
D:9:      lemuel_crystal_altar
D:10:     david_lair_shrubbed, zombieorc2_lemuel, serial_shops, shop
Sewer:    sewer_kobolds
